 Dungeon Crawl Stone Soup version 0.26-a0-651-gb41185065b (webtiles) character file.

Game seed: 10830316721072991157

38 Mesmaeker13 the Magician (level 3, -1/19 HPs)
             Began as a Deep Elf Air Elementalist on Oct 17, 2020.
             Killed from afar by a white imp (3 damage)
             ... with a puff of frost
             ... on level 6 of the Dungeon.
             The game lasted 00:01:54 (1647 turns).

Mesmaeker13 the Magician (DEAE)                     Turns: 1647, Time: 00:01:55

Health: -1/19      AC:  3    Str:  5    XL:     3   Next: 25%
Magic:  9/10       EV: 13    Int: 20    God:
Gold:   32         SH:  0    Dex: 15    Spells: 5/9 levels left

rFire    . . .     SeeInvis .   c - +0 short sword
rCold    + . .     Faith    .   (no shield)
rNeg     . . .     Spirit   .   a - +0 robe
rPois    .         Reflect  .   b - +0 helmet
rElec    .         Harm     .   (no cloak)
rCorr    .         Rampage  .   (no gloves)
MR       .....                  (no boots)
Stlth    +++.......             (no amulet)
HPRegen  0.06/turn              f - ring of stealth
MPRegen  0.12/turn              g - ring of protection from cold

@: no status effects
A: no striking features
a: no special abilities


You were on level 6 of the Dungeon.
You visited 1 branch of the dungeon, and saw 5 of its levels.

You collected 32 gold pieces.

Inventory:

Hand Weapons
 c - a +0 short sword (weapon)
Armour
 a - a +0 robe (worn)
 b - a +0 helmet (worn)
Jewellery
 f - a ring of stealth (left hand)
 g - a ring of protection from cold (right hand)
Scrolls
 d - a scroll of fog {unknown}
 e - a scroll of random uselessness {unknown}


   Skills:
 + Level 3.1 Dodging
 - Level 2.4 Stealth
 + Level 3.6 Spellcasting
 + Level 2.0 Conjurations
 + Level 3.3 Air Magic


You had 5 spell levels left.
You knew the following spells:

 Your Spells              Type           Power        Failure   Level
a - Shock                 Conj/Air       ##..         4%          1
b - Static Discharge      Conj/Air       ##......     13%         3

Your spell library contained the following spells:

 Spells                   Type           Power        Failure   Level
 Swiftness                Air            ###.....     4%          2
 Animate Skeleton         Necr           #.....       13%         1
 Apportation              Tloc           #.....       13%         1
 Corona                   Hex            #......      13%         1
 Summon Small Mammal      Summ           #...         13%         1
 Airstrike                Air            ###.......   32%         4
 Lightning Bolt           Conj/Air       ##........   77%         5


Dungeon Overview and Level Annotations

Branches:
Dungeon (6/15)
 Temple: D:4-7

Altars:

Annotations:
D:5 1 runed translucent door, Sigmund


Message History

The howler monkey hoots and howls with incredible vigour!
A quokka comes into view.
An adder skeleton comes into view.
A dart slug comes into view.
There is a stone staircase leading down here.
You climb downwards.
Reactivating autopickup.
A white imp comes into view.
The white imp shouts, "Quit, thou fawning dread-bolted ratsbane!"
You hear a loud, deep croak!
Found a scroll labeled WEROIG MAQO and a cyan potion.
There is a stone staircase leading up here.
Casting: Shock (safe; 4% risk of failure)
Confirm with . or Enter, or press ? or * to list all spells.
Aiming: Shock (safe; 4% risk of failure)
Press: ? - help, Shift-Dir - straight line, f - white imp
Aim: a white imp The zap hits the white imp but does no damage.
The white imp gestures at you. The puff of frost hits you. You resist.
You die...

.. #....# #.
#!## #....##..
##...##.......
..........?.
#........#
#........##
#.........#
#....@....#
#..........#
#..............
#..............
#..............
#..............
...........5...
...............


You could see a white imp.

Vanquished Creatures
  An ooze (D:1)
  5 bats
  2 giant cockroaches
  3 goblins (D:1)
  5 hobgoblins (D:1)
  2 jackals (D:5)
  4 kobolds (D:1)
  2 frilled lizards (D:1)
  6 rats
30 creatures vanquished.

Notes
Turn   | Place    | Note
-------+----------+-------------------------------------------
     0 | D:1      | Mesmaeker13 the Deep Elf Air Elementalist began the quest
                  | for the Orb.
     0 | D:1      | Reached XP level 1. HP: 10/10 MP: 6/6
   292 | D:1      | Reached XP level 2. HP: 15/15 MP: 5/8
  1004 | D:1      | Reached XP level 3. HP: 19/19 MP: 8/10
  1364 | D:2      | You fall into a shaft and drop 2 floors!
  1369 | D:4      | Learned a level 3 spell: Static Discharge
  1405 | D:5      | Entered Level 5 of the Dungeon
  1618 | D:5      | Noticed a centaur
  1620 | D:5      | Noticed Sigmund
  1626 | D:5      | Noticed a scorpion
  1631 | D:5      | Found a runed translucent door.
  1631 | D:5      | Noticed a human
  1647 | D:6      | Killed from afar by a white imp

Illustrated notes

Levels and vault maps discovered:
D:1:      giann_wishing_wells, layout_basic
D:2:      minmay_wonky_spiral, layout_rooms, serial_bayou, serial_bayou_lake_a,
          serial_bayou_shore_a, serial_bayou_shore_b, serial_bayou_pond_a,
          uniq_natasha, uniq_jessica
D:4:      layout_basic, marbit_many_paths, lemuel_temple_firewalk_a
D:5:      layout_rooms, lemuel_coloured_pillars_altar, dk_yredelemnul_ordeal,
          uniq_ijyb, uniq_sigmund
D:6:      layout_layer_cave

Skill      XL: |  1  2  3 |
---------------+----------+-----
Dodging        | 3 |  3.1
Conjurations   | 2 |  2.0
Stealth        | |  2.4
Spellcasting   | |  3.6
Air Magic      | |  3.3

Action                   || total
-------------------------++-------
Melee: Short sword       ||     1
 Cast: Shock             ||    61
       Static Discharge  ||     1
Armor: Robe              ||     6
Dodge: Dodged            ||    25

Table legend: (Time is in decaauts)
 A = Elapsed time spent in this place.
 B = Non-inter-level travel time spent in this place.
 C = Inter-level travel time spent in this place.
 D = Time resting spent in this place.
 E = Time spent auto-exploring this place.
 F = Levels seen in this place.
 G = Mean time per level.
                   A        B        C        D        E       F      G
               +--------+--------+--------+--------+--------+-----+--------+
         Total |   1644 |   1644 |      0 |    537 |    913 |   5 |  328.8 |
       Dungeon |   1644 |   1644 |      0 |    537 |    913 |   5 |  328.8 |
               +--------+--------+--------+--------+--------+-----+--------+

Top non-repeatable levels by time:
     D:1: 1299 daAuts
     D:5: 240 daAuts
     D:2: 62 daAuts
     D:4: 40 daAuts
     D:6: 0 daAuts
